 Dungeon Crawl Stone Soup version 0.30-a0-141-g30f27751c5 (webtiles) character file.

Game seed: 5168706958399361034

214 ytrimaz the Changer (level 5, 0/33 HPs)
             Began as an Octopode Transmuter on Sept 26, 2022.
             Succumbed to an orc wizard's poison
             ... on level 4 of the Dungeon.
             The game lasted 00:04:39 (5228 turns).

ytrimaz the Changer (Octopode Transmuter)           Turns: 5228, Time: 00:04:39

Health: 0/33       AC:  1    Str:  9    XL:     5   Next: 92%
Magic:  6/9        EV: 13    Int: 17    God:
Gold:   198        SH:  0    Dex: 13    Spells: 5/10 levels left

rFire   . . .      SeeInvis .      - Unarmed
rCold   . . .      Faith    .    (no shield)
rNeg    . . .      Spirit   .    (helmet restricted)
rPois   .          Reflect  .    (no amulet)
rElec   .          Harm     .    (no ring)
rCorr   .          Rampage  .    (no ring)
Will    .....                    (no ring)
Stlth   ++........               (no ring)
HPRegen 0.11/turn                (no ring)
MPRegen 0.11/turn                (no ring)
                                 (no ring)
                                 (no ring)

@: lethally poisoned (0 -> -6), wereblooded (expiring)
A: almost no armour, amphibious, 8 rings, camouflage 1, gelatinous body 1,
(nimble swimmer 1), tentacles
a: no special abilities


You were on level 4 of the Dungeon.
You visited 1 branch of the dungeon, and saw 4 of its levels.

You collected 198 gold pieces.


Innate Abilities, Weirdness & Mutations

You cannot wear most types of armour.
You are amphibious.
You can wear up to eight rings at the same time.
Your skin changes colour to match your surroundings (Stealth+).
Your rubbery body absorbs attacks. (AC +1, EV +1)
((You are camouflaged when in or above water. (Stealth+)))
You have tentacles for arms and can constrict up to eight enemies at once.


   Skills:
 - Level 1.0 Fighting
 - Level 2.0 Dodging
 - Level 3.0 Unarmed Combat
 + Level 3.1 Spellcasting
 + Level 3.4 Transmutations
 + Level 2.4 Ice Magic
 + Level 3.0 Poison Magic


You had 5 spell levels left.
You knew the following spells:

 Your Spells              Type           Power      Damage    Failure   Level
b - Wereblood             Tmut           14%        N/A       6%          2
c - Spider Form           Tmut/Pois      13%        N/A       14%         3

Your spell library contained the following spells:

 Spells                   Type           Power      Damage    Failure   Level
 Beastly Appendage        Tmut           28%        N/A       4%          1
 Poisonous Vapours        Pois/Air       14%        N/A       14%         2
 Cigotuvi's Dreadful Rot  Necr/Pois/Air  12%        N/A       17%         2
 Ice Form                 Ice/Tmut       12%        N/A       45%         4

Inventory:

Missiles
 c - a throwing net
Wands
 e - a wand of light (5)
   (You found it on level 4 of the Dungeon)
Scrolls
 a - a scroll of amnesia
 d - a scroll of identify
 g - 2 scrolls of teleportation
Potions
 b - a potion of flight

Dungeon Overview and Level Annotations

Branches:
Dungeon (4/15) Zot: 18784
 Temple: D:4-7

Altars:

.......# ######.# .....#.#
###.##.# .......# ###.#..# #
#.#..# ###
###.#..###############...##.
....#...........@..)gJgw.'.g
#####...#####....#####...##.
.)....>.†...+.....# ..#
#####<###..##.....# .#
...........##.....# #
......###.....###.# ......#
#.....###'##### ......#
#.....#.......# ......#
#.#...#.......#


You could see 2 gnolls, a dart slug and an endoplasm.


Message History

The orc shouts!
Casting: Wereblood (safe; 7% risk of failure)
Confirm with . or Enter, or press ? or * to list all spells.
Your blood is infused with primal strength.
The orc wizard shouts!
A gnoll comes into view. It is wielding a +0 spear. 😎 MP[-2]
You lost 2 mp, and now have 7/9 mp.
Unknown command.
Casting: Wereblood (safe; 7% risk of failure)
Confirm with . or Enter, or press ? or * to list all spells.
The spell is quite dangerous to miscast (16% risk of failure)!
Continue anyway?
You turn into a venomous arachnid creature.
The gnoll shouts! 😎 MP[-3]
You lost 3 mp, and now have 4/9 mp.
Unknown command.
Unknown command.
The orc completely misses you.
You barely miss the orc. The orc completely misses you.
An endoplasm comes into view.
You hit the orc.
The orc is poisoned.
The orc closely misses you.
You hit the orc but do no damage.
The orc looks as sick as possible!
You kill the orc!
The orc wizard mumbles some strange words.
The orc wizard flickers and vanishes!
Deactivating autopickup; reactivate with Ctrl-A.
A dart slug comes into view.
You hit the orc wizard.
The orc wizard is poisoned.
Your transformation is almost over.
The orc wizard barely misses you.
You hit the orc wizard.
The orc wizard looks as sick as possible!
The orc wizard gestures wildly while chanting.
The orc wizard flickers and vanishes!
You hit something.
Reactivating autopickup.
You feel a bit more experienced. 😎 MP[+1]
You completely miss the orc. The orc hits you with a +0 short sword.
The gnoll hits you from afar with a +0 spear. 😕 HP[-6]
You take 6 damage, and now have 27/33 hp.
You hit the orc.
The orc is poisoned.
The gnoll misses you. The orc misses you.
You bite the orc!
You feel a bit better.
You kill the orc!
The gnoll barely misses you. 😕 HP[+2]
You regained 2 hp, and now have 29/33 hp.
Unknown command.
The gnoll closely misses you.
Items here: ))) ? [[ †.
You hit the gnoll.
The gnoll is poisoned.
You hit the gnoll.
The gnoll looks as sick as possible!
Your transformation has ended.
The gnoll misses you. 😕 HP[+1]
You completely miss the gnoll. You grab the gnoll. You squeeze the gnoll.
You feel a bit better.
You kill the gnoll!
Your Poison Magic skill increases to level 3! 😎 HP[+3]
Your hp is fully restored (33).
Deactivating autopickup; reactivate with Ctrl-A.
You completely miss something.
Your primal bloodlust is almost over.
Something hits you.
You are poisoned. 😕 HP[-6]
You take 6 damage, and now have 27/33 hp.
You tentacle-slap something.
You feel very sick. Something hits you. 😮 HP[-10]
You take 10 damage, and now have 17/33 hp.
MASSIVE DAMAGE!! (PAUSE)
Okay, then.
Aiming: Bolt of Light
Press: ? - help, Shift-Dir - straight line, f - orc
Aim: an orc, wielding a +0 club (71% to hit)
The bolt of light hits the orc!
You kill the orc!
The bolt of light misses the gnoll.
The bolt of light hits the gnoll!
You kill the gnoll!
You feel very sick. Something hits you.
* * * LOW HITPOINT WARNING * * *
😨 HP[-8] MP[+1]
You take 8 damage, and now have 9/33 hp.
MASSIVE DAMAGE!! (PAUSE)
* * * LOW HITPOINT WARNING * * *
You feel sick. 😱 HP[-2]
You take 2 damage, and now have 7/33 hp.
Something hits you.
* * * LOW HITPOINT WARNING * * *
x2 You feel sick. 😱 HP[-5]
You take 5 damage, and now have 2/33 hp.
You die...

Skill      XL: |  1  2  3  4  5 |
---------------+----------------+-----
Poison Magic   | 1 2 3 |  3.0
Ice Magic      | 1 2 |  2.4
Transmutations | 3 |  3.4
Spellcasting   | 3 |  3.1
Fighting       | |  1.0
Dodging        | |  2.0
Unarmed Combat | |  3.0

Action                   |  1- 3 |  4- 6 || total
-------------------------+-------+-------++-------
Melee: Unarmed           |    98 |   110 ||   208
       Constrict         |    19 |    19 ||    38
       Tentacles         |    21 |    17 ||    38
       Kick              |     3 |       ||     3
       Punch             |     2 |     1 ||     3
 Cast: Beastly Appendage |     5 |       ||     5
       Wereblood         |       |     4 ||     4
       Spider Form       |       |     1 ||     1
Evoke: Wand              |       |     1 ||     1
  Use: Scroll            |     5 |     1 ||     6
       Potion            |     1 |     2 ||     3
 Stab: Sleeping          |     8 |     6 ||    14
Armor: Skin              |    14 |    83 ||    97
Dodge: Dodged            |    58 |    70 ||   128

Levels and vault maps discovered:
D:1:      dpeg_arrival_chambers_temple_mockup, layout_basic,
          ebering_ecumenical_altar_mist
D:2:      layout_basic, nicolae_titane
D:3:      layout_basic
D:4:      layout_basic, minmay_temple_entry_gardened_gates,
          portal_sewer_entry_e, uniq_eustachio

Notes
Turn   | Place    | Note
-------+----------+-------------------------------------------
     0 | D:1      | ytrimaz the Octopode Transmuter began the quest for the
                  | Orb.
     0 | D:1      | Reached XP level 1. HP: 13/13 MP: 3/3
     0 | D:1      | magus.rc [v1.9.6]
   130 | D:1      | Found a faded altar of an unknown god.
   644 | D:1      | Reached XP level 2. HP: 9/18 MP: 5/5
   875 | D:1      | Reached skill level 1 in Poison Magic
  1271 | D:1      | Reached skill level 1 in Ice Magic
  1638 | D:2      | Reached XP level 3. HP: 23/23 MP: 6/6
  1641 | D:2      | Learned a level 2 spell: Wereblood
  1645 | D:2      | Learned a level 3 spell: Spider Form
  2522 | D:2      | Reached XP level 4. HP: 19/28 MP: 7/7
  2759 | D:2      | Reached skill level 2 in Poison Magic
  3294 | D:3      | HP: 9/42 [orc/+0 whip (3)]
  3313 | D:3      | Reached skill level 3 in Transmutations
  3317 | D:3      | Reached skill level 2 in Ice Magic
  3317 | D:3      | Reached XP level 5. HP: 33/33 MP: 9/9
  3761 | D:3      | Reached skill level 3 in Spellcasting
  4016 | D:3      | HP: 7/33 [poisoned by a kobold]
  4020 | D:3      | HP: 3/33 [poisoned by a kobold]
  4022 | D:3      | HP: 1/33 [poisoned by a kobold]
  4921 | D:3      | Identified the +0 robe of Ynib {SInv}
  4950 | D:3      | You pick up a book of Vapours and begin reading...
  4950 | D:3      | You add the spells Poisonous Vapours and Cigotuvi's
                  | Dreadful Rot to your library.
  5223 | D:4      | Reached skill level 3 in Poison Magic
  5226 | D:4      | HP: 7/33 [poisoned by an orc wizard]
  5227 | D:4      | HP: 2/33 [poisoned by an orc wizard]
  5228 | D:4      | Succumbed to an orc wizard's poison

Vanquished Creatures
  3 orc wizards
  3 adders
  2 gnolls (D:4)
  2 worms (D:2)
  3 dart slugs (D:2)
  7 orcs
  8 bats
  6 endoplasms
  6 giant cockroaches
  7 goblins
  5 hobgoblins
  5 jackals
  2 quokkas (D:2)
  5 ball pythons
  2 frilled lizards (D:3)
  4 kobolds
  6 rats
76 creatures vanquished.

Table legend:
 A = Non-vault XP
 B = Vault XP
 C = Vault XP percentage of total XP
 D = Non-vault monster count
 E = Vault monster count
 F = Vault count percentage of total count
                 A         B        C        D         E       F
            +---------+---------+-------+---------+---------+-------
      Total |     307 |       0 |   0.0 |      76 |       0 |   0.0
            +---------+---------+-------+---------+---------+-------
        D:1 |      31 |       0 |   0.0 |      19 |       0 |   0.0
        D:2 |      86 |       0 |   0.0 |      29 |       0 |   0.0
        D:3 |     114 |       0 |   0.0 |      20 |       0 |   0.0
        D:4 |      76 |       0 |   0.0 |       8 |       0 |   0.0
            +---------+---------+-------+---------+---------+-------

Illustrated notes

Table legend:
 A = Kills in this place as a percentage of kills in entire the game.
 B = Kills by you in this place as a percentage of kills by you in the entire game.
 C = Kills by friends in this place as a percentage of kills by friends in the entire game.
 D = Other kills in this place as a percentage of other kills in the entire game.
 E = Experience gained in this place as a percentage of experience gained in the entire game.
 F = Experience gained in this place divided by the number of levels of this place that you have seen.
                   A       B       C       D       E      F
               +-------+-------+-------+-------+-------+----------------------
         Total | 100.0 | 100.0 |   N/A |   N/A | 100.0 |  76.8
       Dungeon | 100.0 | 100.0 |   N/A |   N/A | 100.0 |  76.8
               +-------+-------+-------+-------+-------+----------------------

Table legend: (Time is in decaauts)
 A = Elapsed time spent in this place.
 B = Non-inter-level travel time spent in this place.
 C = Inter-level travel time spent in this place.
 D = Time resting spent in this place.
 E = Time spent auto-exploring this place.
 F = Levels seen in this place.
 G = Mean time per level.
                   A        B        C        D        E       F      G
               +--------+--------+--------+--------+--------+-----+--------+
         Total |   5215 |   5161 |     54 |    488 |   4069 |   4 | 1303.8 |
       Dungeon |   5215 |   5161 |     54 |    488 |   4069 |   4 | 1303.8 |
               +--------+--------+--------+--------+--------+-----+--------+

Top non-repeatable levels by time:
     D:3: 1820 daAuts
     D:2: 1634 daAuts
     D:1: 1628 daAuts
     D:4: 132 daAuts
